Map: Orbital Shipyard

Players

Lind - Winner!

  • Race: Protoss Protoss
  • League: Master

Miszu

  • Race: Terran Terran
  • League: Master

VOD

Have the link to the VOD?

Description

Time

  • Played on: March 14, 2016, 5:09 p.m.
  • Length: 14:27
Show
View Real Time Build Order
Export as new Build Order

Lind Protoss - Winner!

Build Orders: 1 Gate Expand, Dark Templar Rush 

Get SALT Encoding   

  12  0:01  Probe (Chrono Boost)  
  13  0:11  Probe (Chrono Boost)  
  14  0:18  Pylon  
  14  0:22  Probe (Chrono Boost)  
  15  0:36  Probe (Chrono Boost)  
  15  0:37  Gateway  
  15  0:42  Assimilator  
  16  0:46  Probe (Chrono Boost)  
  17  0:58  Probe (Chrono Boost)  
  18  1:08  Probe (Chrono Boost)  
  19  1:19  Nexus  
  19  1:22  Probe (Chrono Boost)  
  20  1:33  Probe (Chrono Boost)  
  20  1:35  Cybernetics Core  
  20  1:39  Assimilator  
  21  1:50  Probe (Chrono Boost)  
  21  1:53  Pylon  
  22  2:00  Probe (Chrono Boost)  
  23  2:11  Warp Gate, Probe (Chrono Boost)  
  23  2:12  Adept (Chrono Boost)  
  26  2:23  Probe  
  26  2:27  Robotics Facility  
  27  2:30  Probe (Chrono Boost)  
  27  2:35  Probe (Chrono Boost)  
  29  2:42  Probe (Chrono Boost)  
  29  2:47  Probe (Chrono Boost)  
  29  2:49  Twilight Council  
  30  2:52  Probe (Chrono Boost)  
  30  2:57  Probe (Chrono Boost)  
  32  3:03  Mothership Core (Chrono Boost)  
  34  3:08  Probe (Chrono Boost)  
  35  3:14  Warp Prism  
  35  3:19  Probe (Chrono Boost)  
  38  3:22  Probe (Chrono Boost)  
  39  3:29  Probe (Chrono Boost)  
  39  3:33  Dark Shrine  
  40  3:36  Gateway, Probe (Chrono Boost)  
  40  3:38  Gateway  
  41  3:45  Pylon  
  41  3:49  Probe x2 (Chrono Boost)  
  41  3:52  Observer, Assimilator x2  
  44  3:59  Pylon, Probe x2 (Chrono Boost)  
  47  4:10  Probe x2 (Chrono Boost)  
  48  4:19  Nexus  
  48  4:20  Probe x2 (Chrono Boost)  
  52  4:31  Probe x2 (Chrono Boost)  
  52  4:42  Probe x2 (Chrono Boost)  
  54  4:47  Dark Templar x3  
  54  4:52  Probe x2 (Chrono Boost)  
  62  4:57  Pylon  
  62  5:00  Pylon  
  62  5:15  Probe x2 (Chrono Boost)  
  62  5:25  Observer  
  62  5:26  Stalker, Probe x2 (Chrono Boost)  
  62  5:27  Stalker x2  
  70  5:33  Probe (Chrono Boost)  
  71  5:36  Blink, Probe x2 (Chrono Boost)  
  71  5:37  Forge  
  71  5:38  Forge  
  71  5:42  Pylon  
  73  5:44  Probe (Chrono Boost)  
  73  5:49  Probe (Chrono Boost)  
  74  5:50  Probe (Chrono Boost)  
  74  5:57  Probe (Chrono Boost)  
  73  6:00  Probe (Chrono Boost)  
  73  6:02  Stalker x2  
  73  6:03  Stalker, Probe (Chrono Boost)  
  81  6:07  Assimilator, Probe (Chrono Boost)  
  81  6:08  Gateway  
  81  6:10  Gateway, Probe (Chrono Boost)  
  79  6:11  Protoss Ground Armor Level 1 (Chrono Boost)  
  79  6:12  Gateway, Protoss Ground Weapons Level 1 (Chrono Boost), Assimilator  
  79  6:14  Observer  
  80  6:23  Pylon  
  80  6:27  Pylon  
  80  6:30  Pylon  
  80  6:32  Pylon  
  80  6:36  Sentry x3  
  80  6:39  Probe  
  86  6:40  Probe x2  
  86  6:46  Gateway  
  89  6:47  Gateway  
  89  6:49  Probe  
  89  6:50  Immortal  
  89  6:52  Probe  
  95  7:00  Probe  
  95  7:01  Probe  
  96  7:04  Adept x3, Probe  
  96  7:05  Adept x2  
  96  7:06  Adept  
  110  7:22  Robotics Bay, Pylon  
  110  7:26  Pylon  
  110  7:31  Adept x4, Stalker  
  110  7:32  Stalker  
  110  7:33  Immortal  
  110  7:37  Resonating Glaives  
  126  7:38  Pylon  
  126  7:39  Pylon  
  126  7:41  Pylon  
  116  7:52  Adept x6  
  118  8:28  Stalker  
  118  8:29  Stalker x5  
  118  8:31  Protoss Ground Armor Level 2 (Chrono Boost), Protoss Ground Weapons Level 2 (Chrono Boost)  
  130  8:39  Colossus  
  136  8:42  Extended Thermal Lance  
  136  8:56  Sentry  
  136  8:58  Adept x4  
  136  8:59  Adept x3  
  152  9:07  Nexus  
  152  9:09  Pylon  
  152  9:10  Pylon  
  152  9:14  Photon Cannon  
  152  9:16  Photon Cannon  
  152  9:20  Photon Cannon  
  152  9:21  Photon Cannon  
  151  9:26  Pylon  
  151  9:31  Adept x7  
  165  9:43  Warp Prism (Chrono Boost)  
  165  9:44  Nexus  
  167  9:47  Pylon  
  167  9:48  Pylon  
  167  9:50  Pylon  
  167  9:51  Pylon  
  167  10:07  Stalker x5  
  167  10:08  Adept x3  
  167  10:11  Pylon  
  167  10:13  Protoss Ground Weapons Level 3 (Chrono Boost), Protoss Ground Armor Level 3 (Chrono Boost)  
  183  10:19  Colossus (Chrono Boost)  
  172  11:06  Colossus (Chrono Boost)  
  178  11:19  Pylon  
  178  11:24  Assimilator  
  178  11:26  Assimilator  
  178  11:29  Adept x8  
  172  11:53  Colossus (Chrono Boost)  
  176  11:56  Stalker x8  
  192  12:01  Gateway  
  192  12:04  Gateway  
  192  12:05  Pylon  
  192  12:06  Gateway, Probe x3  
  195  12:09  Gateway x2  
  195  12:12  Gateway  
  195  12:16  Pylon  
  195  12:19  Dark Shrine  
  195  12:29  Pylon  
  195  12:40  Stalker x2  
  195  12:42  Nexus  
  193  13:02  Colossus (Chrono Boost)  
  199  13:16  Dark Templar  
  199  13:20  Gateway  
  181  13:47  Adept x8  
  181  13:48  Stalker x4  
  193  13:49  Stalker  
Show
View Real Time Build Order
Export as new Build Order

Miszu Terran 

Build Orders: Command Center First (CC), MMM Bio 

Get SALT Encoding   

  12  0:00  SCV  
  13  0:12  SCV  
  14  0:17  Supply Depot  
  14  0:25  SCV  
  15  0:39  SCV  
  16  0:51  SCV  
  17  1:03  SCV  
  18  1:09  Command Center  
  18  1:15  SCV  
  19  1:25  Barracks  
  19  1:27  SCV  
  20  1:37  Barracks  
  20  1:39  SCV  
  21  1:48  Barracks  
  21  1:53  SCV  
  23  2:12  Marine, Orbital Command  
  23  2:25  Marine  
  23  2:28  Orbital Command  
  24  2:32  Marine  
  25  2:39  Marine, SCV  
  27  2:44  Marine  
  27  2:50  Marine  
  29  2:52  Refinery x2  
  29  2:54  SCV  
  29  2:56  SCV  
  29  2:57  Marine  
  32  3:02  Supply Depot, Marine  
  33  3:07  Marine  
  33  3:08  SCV  
  33  3:10  SCV  
  36  3:14  Marine  
  36  3:16  Supply Depot  
  37  3:23  Barracks Tech Lab, SCV  
  37  3:24  SCV  
  39  3:27  Marine  
  40  3:35  SCV  
  40  3:36  SCV  
  42  3:42  Supply Depot, Refinery, Marine  
  42  3:43  Marine  
  42  3:44  Stimpack  
  42  3:47  Engineering Bay  
  42  3:48  SCV x2  
  46  3:50  Marine  
  47  4:00  Marine, SCV  
  47  4:02  Marine  
  50  4:05  SCV  
  50  4:06  Supply Depot  
  50  4:09  Marine  
  52  4:12  SCV  
  52  4:13  Terran Infantry Weapons Level 1  
  53  4:17  SCV  
  53  4:18  Marine  
  53  4:20  Marine  
  53  4:23  Factory  
  56  4:24  SCV  
  56  4:27  Missile Turret  
  56  4:29  SCV, Missile Turret  
  59  4:36  SCV  
  59  4:37  Marine  
  59  4:38  Barracks Reactor  
  61  4:39  Barracks Tech Lab  
  61  4:41  SCV  
  61  4:48  Barracks x2  
  61  4:50  SCV  
  62  4:53  SCV  
  62  4:56  Marauder  
  62  4:58  Marauder  
  67  5:02  Combat Shields  
  67  5:07  Refinery  
  62  5:17  Marine, Factory Reactor  
  62  5:18  Starport  
  62  5:19  Marauder  
  64  5:25  Marine  
  64  5:27  SCV  
  64  5:28  Missile Turret  
  66  5:35  Marine x2, Marauder  
  70  5:44  SCV x2  
  70  5:47  Marine  
  70  5:56  SCV  
  68  6:00  Marauder  
  70  6:04  Supply Depot  
  70  6:13  Barracks Reactor, Barracks Tech Lab  
  70  6:16  Terran Infantry Armor Level 1  
  70  6:18  Supply Depot  
  70  6:26  Marine, Marauder x2, SCV x2  
  77  6:38  SCV  
  78  6:40  Medivac x2, Marauder  
  78  6:43  Supply Depot x2  
  78  6:45  Marine  
  85  6:47  Marine  
  86  7:04  Marine x2  
  86  7:05  Marauder x2  
  92  7:10  Medivac x2  
  96  7:16  Supply Depot  
  96  7:19  Supply Depot  
  96  7:25  Command Center  
  96  7:36  Engineering Bay  
  96  7:37  Marine  
  96  7:39  Armory  
  96  7:40  Marine  
  96  7:49  Marine, Marauder  
  96  7:50  Marauder  
  92  7:55  Marauder  
  91  7:59  Marine  
  84  8:08  Marine  
  84  8:10  Marauder  
  84  8:11  Marauder  
  88  8:22  Marine  
  88  8:23  Marine, Medivac x2  
  96  8:27  Terran Infantry Weapons Level 2  
  96  8:29  Terran Infantry Armor Level 2  
  96  8:32  SCV  
  95  8:36  Marauder  
  95  8:40  Orbital Command  
  97  8:42  Marine  
  97  8:47  SCV  
  97  8:48  SCV  
  100  8:54  Marine  
  100  8:55  Marine  
  102  8:59  SCV, Missile Turret  
  102  9:00  SCV  
  102  9:01  Marine  
  102  9:02  Marauder  
  107  9:03  Marauder  
  107  9:06  Marauder  
  107  9:07  SCV  
  112  9:11  Marine, SCV  
  112  9:12  SCV  
  112  9:15  Supply Depot  
  112  9:16  Marine x2  
  117  9:17  Medivac  
  117  9:18  Medivac  
  117  9:19  SCV  
  122  9:26  SCV  
  122  9:29  Marine  
  122  9:30  Marine, Marauder x2  
  129  9:33  Marauder, Marine, Ghost Academy  
  129  9:36  Marine  
  133  9:43  Supply Depot  
  133  9:44  Supply Depot  
  133  9:47  Marine  
  133  9:52  Marine x2  
  139  9:54  Marine  
  139  9:57  Medivac  
  139  9:58  Medivac  
  141  10:08  Ghost  
  141  10:09  Marine x3  
  141  10:13  Supply Depot  
  146  10:14  Supply Depot  
  146  10:18  Command Center  
  146  10:23  Marine x3  
  146  10:26  Ghost  
  146  10:27  Ghost  
  153  10:34  Medivac x2  
  153  10:44  Reaper  
  143  11:00  Marine  
  143  11:01  Marine x2, Marauder x2  
  152  11:05  Barracks, SCV x2  
  152  11:06  Barracks x2, SCV  
  152  11:07  Supply Depot, Terran Infantry Weapons Level 3  
  152  11:09  Terran Infantry Armor Level 3  
  153  11:17  SCV  
  154  11:31  Concussive Shells  
  116  11:49  Marine  
  116  11:50  Marine x5  
  116  11:53  Marine  
  116  11:54  Marine x2  
  118  12:02  Medivac x2  
  118  12:07  Marine x2  
  118  12:08  Marine x2, Marauder  
  129  12:10  Ghost  
  129  12:11  Marine x2, Ghost  
  129  12:12  Marine  
  133  12:25  Marine x2  
  136  12:30  Marauder  
  136  12:33  Marine x2  
  136  12:34  Marine  
  136  12:35  Marine x2  
  141  12:39  Ghost  
  141  12:40  Marauder  
  141  12:43  Marine  
  146  12:47  Marine  
  149  12:51  Marine x2, Marauder  
  146  13:00  Ghost  
  146  13:03  Barracks Tech Lab x2  
  146  13:05  Barracks Tech Lab  
  148  13:06  Marine x2  
  148  13:08  Ghost  
  148  13:12  Marauder  
  154  13:13  Planetary Fortress  
  154  13:14  Missile Turret  
  154  13:16  Marine  
  154  13:17  Marine  
  156  13:24  Marine x2  
  139  13:29  Ghost  
  139  13:34  Marine, Marauder  
  131  13:36  Ghost  
  127  13:42  Marauder  
  127  13:47  Marine, Marauder  
  115  13:53  Marine  
  115  13:54  Marine x2  
  115  13:55  Marauder  
  111  13:58  Marauder  
  113  14:04  Marine, Marauder  
  113  14:05  Marine  
  113  14:08  Marine  
Tags
 
Add a new tag
Caveats
  • Supply blocks, unpowered buildings, or Contaminate may cause inaccurate times.
  • Supply counts are checked every 10 seconds.